 Dungeon Crawl Stone Soup version 0.25-a0-566-g062765be81 (webtiles) character file.

Game seed: 12892167410825576911, levelgen mode: deterministic

3483 Flugslaktarn the Cleaver (level 9, -1/88 HPs)
             Began as a Deep Dwarf Fighter on Feb 27, 2020.
             Slain by a two-headed ogre
             ... wielding a +0 giant club
              (13 damage)
             ... on level 9 of the Dungeon.
             The game lasted 00:02:50 (3438 turns).

Flugslaktarn the Cleaver (Deep Dwarf Fighter)       Turns: 3438, Time: 00:02:50

Health: -1/88      AC: 13    Str: 23    XL:     9   Next: 79%
Magic:  3/3        EV:  4    Int:  9    God:
Gold:   247        SH: 16    Dex: 12    Spells: 8/8 levels left

rFire    . . .     SeeInvis .   m - +4 war axe
rCold    . . .     Gourm    .   h - +0 tower shield
rNeg     . . .     Faith    .   l - +0 chain mail
rPois    .         Spirit   .   (no helmet)
rElec    .         Reflect  .   j - +0 cloak
rCorr    .         Harm     .   (no gloves)
MR       +....     Rnd*Tele +   p - +0 pair of boots (curse)
Stlth    ..........             (no amulet)
HPRegen  0.00/turn              (no ring)
MPRegen  0.08/turn              k - ring of teleportation (curse)

@: non-regenerating
A: damage resistance, heal wounds, sense surroundings 2, no regeneration
a: Heal Wounds


You were on level 9 of the Dungeon.
You were not hungry.

You visited 1 branch of the dungeon, and saw 9 of its levels.

You collected 247 gold pieces.

Inventory:

Hand Weapons
 m - a +4 war axe (weapon)
   (You took it off a wight on level 6 of the Dungeon)
Armour
 h - a +0 tower shield (worn)
   (You found it on level 9 of the Dungeon)
 j - a +0 cloak (worn)
   (You took it off Crazy Yiuf on level 6 of the Dungeon)
 l - a +0 chain mail (worn)
   (You found it on level 3 of the Dungeon)
 p - a cursed +0 pair of boots (worn)
   (You found it on level 5 of the Dungeon)
Jewellery
 k - a cursed ring of teleportation (right hand)
   (You found it on level 6 of the Dungeon)
Potions
 a - 2 potions of degeneration
 d - a potion of might
 i - 2 potions of brilliance
 n - a potion of magic
 q - 3 potions of curing
 w - a potion of heal wounds
Comestibles
 b - 2 chunks of flesh
 e - 10 rations


   Skills:
 * Level 8.0 Fighting
 * Level 9.2 Axes
 + Level 7.0 Armour
 + Level 7.1 Shields


You had 8 spell levels left.
You didn't know any spells.
Your spell library was empty.

Dungeon Overview and Level Annotations

Branches:
Dungeon (10/15)
 Temple: D:4-7         Lair: D:8-11         Orc: D:9-12

Altars:
Elyvilon
Gozag
Kikubaaqudgha
Nemelex Xobeh
Okawaru
Ru
Yredelemnul


Innate Abilities, Weirdness & Mutations

You are resistant to damage.
You can heal yourself by infusing magical energy.
You passively map the area around you.
You do not regenerate.


Message History

A two-headed ogre is nearby!
A two-headed ogre is nearby!
A two-headed ogre is nearby!
You block the two-headed ogre's attack.
The two-headed ogre hits you with a +0 giant club!
Your shield and chain mail prevent you from hitting the two-headed ogre.
The two-headed ogre hits you with a +0 giant club!
You block the two-headed ogre's attack.
Your shield and chain mail prevent you from hitting the two-headed ogre.
You block the two-headed ogre's attack. x2
You slash the two-headed ogre!
The two-headed ogre is moderately wounded.
You block the two-headed ogre's attack.
The two-headed ogre hits you with a +0 giant club!
You barely miss the two-headed ogre.
The two-headed ogre is moderately wounded.
The two-headed ogre hits you with a +0 giant club!!
* * * LOW HITPOINT WARNING * * *
The two-headed ogre hits you with a +0 giant club!
You die...

*, * ,*
#.........# # * ,
* ...#
###.####### # *
** ..## #.# # * ,
,, ...# #.# # * *
,,, ,...# #.# # ,
,, , #..# #.# * *
* ,#..## #.# *
#O..# #.# , ** *
#@# #.# , ,, #.#,
#.# **** * #.# .
#.######## #.#
..#........# #.#
#.#........# #.#
#.#........#
##.###.#........#
#........########
#........#


You could see a two-headed ogre.

Vanquished Creatures
  Pikel (D:6)
  Grinder (D:5)
  A hippogriff (D:9)
  5 yaks (D:6)
  Eustachio (D:5)
  A hungry ghost (D:7)
  Menkaure (D:5)
  A sky beast (D:5)
  A phantom (D:9)
  A centaur (D:5)
  Blork the orc (D:6)
  A wyvern zombie (D:6)
  2 bullfrogs
  A scorpion (D:5)
  4 wights (D:6)
  3 killer bees (D:9)
  2 howler monkeys
  3 crimson imps (D:6)
  A hound (D:7)
  2 jellies
  5 orc priests
  Crazy Yiuf (D:6)
  A centaur skeleton (D:6)
  An orc wizard (D:9)
  A bullfrog skeleton (D:5)
  2 worker ants
  A hound skeleton (D:5)
  A howler monkey zombie (D:5)
  4 gnolls (D:5)
  4 adders
  A shadow imp (D:6)
  An ooze (D:7)
  An adder zombie (D:6)
  A worm (D:2)
  A dart slug (D:3)
  15 orcs
  2 bats (D:1)
  2 goblins
  5 jackals
  6 kobolds
  3 quokkas
  A ball python (D:1)
  2 frilled lizards
  A quokka skeleton (D:7)
  5 rats
102 creatures vanquished.

Notes
Turn   | Place    | Note
-------+----------+-------------------------------------------
     0 | D:1      | Flugslaktarn the Deep Dwarf Fighter began the quest for the
                  | Orb.
     0 | D:1      | Reached XP level 1. HP: 20/20 MP: 1/1
    83 | D:1      | Reached XP level 2. HP: 27/27 MP: 2/2
   137 | D:2      | Found an iron altar of Okawaru.
   147 | D:2      | Found a faded altar of an unknown god.
   203 | D:2      | Found a basalt altar of Yredelemnul.
   213 | D:2      | Reached XP level 3. HP: 34/34 MP: 2/2
   250 | D:2      | Reached skill level 3 in Axes
   954 | D:4      | Reached XP level 4. HP: 42/42 MP: 3/3
   981 | D:5      | Entered Level 5 of the Dungeon
   981 | D:5      | Noticed Menkaure
   991 | D:5      | Killed Menkaure
   991 | D:5      | Reached skill level 4 in Axes
   991 | D:5      | Reached XP level 5. HP: 15/50 MP: 4/4
  1045 | D:5      | Noticed Grinder
  1063 | D:5      | Paralysed by Grinder for 4 turns
  1083 | D:5      | Killed Grinder
  1083 | D:5      | Reached skill level 5 in Axes
  1083 | D:5      | Reached XP level 6. HP: 41/58 MP: 3/3
  1162 | D:5      | Noticed a sky beast
  1174 | D:5      | Killed a sky beast
  1174 | D:5      | Reached XP level 7. HP: 66/66 MP: 4/4
  1175 | D:5      | Noticed Eustachio
  1191 | D:5      | Killed Eustachio
  1191 | D:5      | Reached skill level 5 in Fighting
  1213 | D:5      | Found a sparkling altar of Nemelex Xobeh.
  1225 | D:5      | Reached skill level 5 in Shields
  1461 | D:5      | Reached skill level 5 in Armour
  1492 | D:5      | Reached skill level 6 in Axes
  1816 | D:6      | Found a sacrificial altar of Ru.
  1819 | D:6      | Found an ancient bone altar of Kikubaaqudgha.
  1835 | D:6      | Reached XP level 8. HP: 67/75 MP: 5/5
  1847 | D:6      | Found an opulent altar of Gozag.
  1850 | D:6      | Found a white marble altar of Elyvilon.
  1965 | D:6      | Reached skill level 7 in Axes
  2046 | D:6      | Noticed Pikel
  2075 | D:6      | Killed Pikel
  2075 | D:6      | Reached skill level 8 in Axes
  2075 | D:6      | Gained mutation: You passively map the area around you.
                  | [Deep Dwarf growth]
  2075 | D:6      | Reached XP level 9. HP: 59/86 MP: 5/5
  2260 | D:6      | Noticed Blork the orc
  2263 | D:6      | Killed Blork the orc
  2654 | D:6      | Found a runed translucent door.
  2655 | D:6      | Noticed Crazy Yiuf
  2788 | D:6      | Killed Crazy Yiuf
  3013 | D:7      | You fall into a shaft and drop 3 floors!
  3013 | D:10     | Entered Level 10 of the Dungeon
  3060 | D:9      | Reached skill level 9 in Axes
  3354 | D:9      | Noticed a merfolk
  3430 | D:9      | Noticed a two-headed ogre
  3438 | D:9      | Slain by a two-headed ogre

Levels and vault maps discovered:
D:1:      onia_arrival_handbag, layout_rooms
D:2:      layout_loops_cross, yredelemnul_altar_generic, lemuel_round_altar,
          chequers_ecumenical_altar_island
D:3:      layout_loops_ring, old_standard_altar
D:4:      corexii_shack_village, layout_basic, st_stairs_3
D:5:      layout_cave_pods, lemuel_round_altar, first_ration, uniq_grinder,
          uniq_menkaure, uniq_eustachio
D:6:      layout_loops_corners, grunt_temple_overflow_cloverleaf,
          uniq_blork_the_orc, uniq_pikel, uniq_crazy_yiuf_cottage
D:7:      layout_cave_pods, minmay_temple_entry_glassed_door
D:9:      layout_basic, special_room [special_room_orc], hangedman_fish_farm
D:10:     layout_cross, erik_lair_orcish_takeover, serial_shops, shop,
          nicolae_shop_statue_plus, shop

Skill      XL: |  1  2  3  4  5  6  7  8  9 |
---------------+----------------------------+-----
Fighting       | 3 4 5 7 8 |  8.0
Axes           | 3 4 5 6 8 9 |  9.2
Armour         | 4 5 6 7 |  7.0
Shields        | 4 5 6 7 |  7.1

Action                   |  1- 3 |  4- 6 |  7- 9 || total
-------------------------+-------+-------+-------++-------
Melee: War axe           |    91 |    48 |   290 ||   429
 Abil: Heal Wounds       |     2 |     7 |    10 ||    19
  Use: Scroll            |       |       |    10 ||    10
 Stab: Distracted        |       |       |     1 ||     1
  Eat: Chunk             |       |     1 |     9 ||    10
       Ration            |       |       |     1 ||     1
Armor: Scale mail        |    56 |       |       ||    56
       Chain mail        |     7 |    23 |   115 ||   145
Dodge: Dodged            |    30 |     7 |    63 ||   100
Block: Kite shield       |    54 |    12 |   148 ||   214
       Tower shield      |       |       |    16 ||    16

Table legend:
 A = Non-vault XP
 B = Vault XP
 C = Vault XP percentage of total XP
 D = Non-vault monster count
 E = Vault monster count
 F = Vault count percentage of total count
                 A         B        C        D         E       F
            +---------+---------+-------+---------+---------+-------
      Total |    3584 |    1392 |  28.0 |      92 |      10 |   9.8
            +---------+---------+-------+---------+---------+-------
        D:1 |      12 |       4 |  25.0 |       7 |       4 |  36.4
        D:2 |      47 |       0 |   0.0 |      12 |       0 |   0.0
        D:3 |       6 |       0 |   0.0 |       2 |       0 |   0.0
        D:4 |      97 |       0 |   0.0 |       6 |       0 |   0.0
        D:5 |     548 |     654 |  54.4 |      16 |       3 |  15.8
        D:6 |    1704 |     734 |  30.1 |      23 |       3 |  11.5
        D:7 |     339 |       0 |   0.0 |      14 |       0 |   0.0
        D:9 |     791 |       0 |   0.0 |      11 |       0 |   0.0
       D:10 |      40 |       0 |   0.0 |       1 |       0 |   0.0
            +---------+---------+-------+---------+---------+-------
